 Dungeon Crawl Stone Soup version 0.21.1-1-g345015f (webtiles) character file.

265855 greenice the Conqueror (level 19, -34/207 HPs)
             Began as a Minotaur Fighter on Feb 12, 2018.
             Was the Champion of Okawaru.
             Killed from afar by Nikola (38 damage)
             ... with a bolt of lightning
             ... on level 2 of the Depths on Feb 20, 2018.
             The game lasted 02:17:30 (51365 turns).

greenice the Conqueror (Minotaur Fighter)          Turns: 51365, Time: 02:17:31

Health: -34/207    AC: 23    Str: 23    XL:     19   Next: 31%
Magic:  0/18       EV:  6    Int:  7    God:    Okawaru [******]
Gold:   2526       SH: 25    Dex: 18    Spells: 18/18 levels left

rFire    . . .     SeeInvis +   J - +4 scimitar (slice)
rCold    + . .     Gourm    .   g - +0 large shield {reflect}
rNeg     . . .     Faith    .   z - +1 plate armour "Hesient" {rC+ MR+ Slay+3}
rPois    .         Spirit   +   W - +0 hat
rElec    .         Reflect  +   w - scarf {Spirit}
rCorr    .         Harm     .   p - +0 pair of gloves
MR       +++..                  S - +2 pair of boots {Fly}
Stlth    ..........             O - +2 amulet of reflection
HPRegen  0.44/turn              R - +2 ring of dexterity
MPRegen  0.16/turn              j - ring of see invisible

@: flying, constricted
A: retaliatory headbutt, horns 2, repulsion field 1, clever 1, magic resistance
1
}: 2/15 runes: decaying, serpentine
a: Heroism, Finesse, Renounce Religion, Stop Flying


You were on level 2 of the Depths.
You worshipped Okawaru.
Okawaru was exalted by your worship.
You were not hungry.

You visited 7 branches of the dungeon, and saw 34 of its levels.
You also visited: Sewer and Ossuary.

You collected 3186 gold pieces.
You spent 660 gold pieces at shops.

Inventory:

Hand Weapons
 c - the +10 zealot's sword {holy, *Rage rN+ EV+3}
   (Okawaru gifted it to you on level 1 of the Swamp)

   It has been blessed by the Shining One to cause great damage to the undead
   and demons.
   It affects your evasion (+3).
   It protects you from negative energy.
   It may make you go berserk in combat.
 J - a +4 scimitar of slicing (weapon)
 P - a +1 war axe of flaming
 T - a +0 blowgun
Missiles
 M - 20 curare-tipped needles (quivered)
Armour
 g - a +0 large shield of reflection (worn)
 p - a +0 pair of gloves (worn)
 w - a scarf of spirit shield (worn)
 z - the +1 plate armour "Hesient" (worn) {rC+ MR+ Slay+3}
   (Okawaru gifted it to you on level 3 of the Lair of Beasts)

   It affects your accuracy and damage with ranged weapons and melee attacks
   (+3).
   It protects you from cold.
   It affects your resistance to hostile enchantments.
 S - a +2 pair of boots of flying (worn)
 W - a +0 hat (worn)
Jewellery
 j - a ring of see invisible (right hand)
 t - an uncursed ring of protection from fire
 I - the ring of Demons {rPois AC+2}
   (You found it on level 10 of the Dungeon)

   [ring of protection]

   It affects your AC (+2).
   It protects you from poison.
 O - a +2 amulet of reflection (around neck)
 R - a +2 ring of dexterity (left hand)
Wands
 d - a wand of flame (25)
 h - a wand of paralysis (15)
 o - a wand of acid (5)
 B - a wand of polymorph (2)
 E - a wand of digging (39)
 H - a wand of iceblast (30)
 L - a wand of clouds (4)
 V - a wand of random effects (23)
 X - a wand of enslavement (17)
Scrolls
 i - 7 scrolls of teleportation
 k - a scroll of summoning
 l - 2 scrolls of immolation
 q - 9 scrolls of fog
 r - 10 scrolls of remove curse
 u - 2 scrolls of acquirement
 x - 5 scrolls of magic mapping
 y - 7 scrolls of identify
 A - 2 scrolls of fear
 G - 4 scrolls of enchant armour
 K - a scroll of holy word
 N - 4 scrolls of enchant weapon
 Q - a scroll of amnesia
Potions
 a - 12 potions of curing
 b - 2 potions of invisibility
 e - a potion of resistance
 m - 3 potions of haste
 n - 7 potions of agility
 s - a potion of ambrosia
 v - 3 potions of cancellation
 D - 2 potions of brilliance
 F - 3 potions of berserk rage
Books
 U - a book of Transfigurations

   Spells                             Type                      Level
   a - Irradiate                      Conjuration/Transmutation    5
   b - Statue Form                    Transmutation/Earth          6
   c - Hydra Form                     Transmutation                6
   d - Dragon Form                    Transmutation                7
Comestibles
 f - 33 rations


   Skills:
 O Level 27 Fighting
 - Level 16.1 Long Blades
 - Level 15.0 Armour
 - Level 2.1 Dodging
 + Level 18.6 Shields


You had 18 spell levels left.
You didn't know any spells.

Dungeon Overview and Level Annotations

Branches:
Dungeon (15/15)            Temple (1/1) D:7            Lair (6/6) D:8
  Swamp (4/4) Lair:4        Snake (4/4) Lair:2        Slime (0/5) Lair:5
    Orc (2/2) D:10            Elf (0/3) Orc:2        Vaults (0/5) D:14
 Depths (2/5) D:15

Altars:
Ashenzari
Cheibriados
Dithmenos
Elyvilon
Fedhas
Hepliaklqana
Makhleb
Okawaru
Qazlal
Sif Muna
Trog
Uskayaw
Vehumet
Wu Jian
Xom
Yredelemnul
Zin
The Shining One
Beogh
Jiyva

Shops:
D:9 }   Orc:2 *?*:   Snake:1 [   Depths:1 [%==}(

Portals:
Hell: Depths:1

Annotations:
D:4 Potion, gold, scrolls
D:14 exclusion: Roxanne, Roxanne
Swamp:2 Mara
Depths:1 Shp[s
Depths:2 Jorgrun; Nikola; Saint Roka; shakethe's ghost, adept MiFi


Innate Abilities, Weirdness & Mutations

You reflexively headbutt those who attack you in melee.
You have a pair of horns on your head.
You are surrounded by a mild repulsion field. (EV +2)
Your mind is acute. (Int +2)
You are resistant to hostile enchantments. (MR+)


Message History

* * * LOW HITPOINT WARNING * * *
The tentacled monstrosity tentacle-slaps you but does no damage.
* * * LOW HITPOINT WARNING * * *
The tentacled monstrosity constricts you.
You open the tentacled monstrosity like a pillowcase!!!
You headbutt the tentacled monstrosity!
The tentacled monstrosity is almost dead.
The entropy weaver hits you.
* * * LOW HITPOINT WARNING * * *
The entropy weaver hits you but does no damage.
You block the entropy weaver's attack. x2
You block the tentacled monstrosity's attack.
The tentacled monstrosity tentacle-slaps you!
* * * LOW HITPOINT WARNING * * *
The tentacled monstrosity tentacle-slaps you but does no damage.
* * * LOW HITPOINT WARNING * * *
The tentacled monstrosity constricts you.
Nikola gestures at you while chanting. The bolt of lightning hits you!
You die...

.. #.(.#..... .....
..#.(.....#. #....
..#.C....... #....##
..##......... ##.....##
..##.......##. .
##.......##.##........##. .
...........g...............
... ..........@...(...........
.. >##.##.#.#@a###.#.#........
... ..).......X......#.#....#.
..#.##.##.#.#..#.#.#.#.#....#.
............#..# #.#.#.....##.
........?......# #.#.#.#.#.# .
.#.##.........###.#.......##.
##(##.....#..............
#........###.#.###.#.##.
.................###.#.#


You could see Nikola, a tentacled monstrosity, Jorgrun and an entropy weaver
shaped shifter.

Vanquished Creatures
  Rupert (Lair:4)
  The ghost of 1player the Destroyer, an adept DrAE of Vehumet (Snake:4)
  Frances (D:12)
  3 thorn hunters
  Kirke (Lair:4)
  Donald (Swamp:1)
  A sphinx (Depths:1)
  11 nagarajas
  The ghost of tidbits the Martial Artist, an adept GnTm of Cheibriados (Snake:4)
  A fire giant (Depths:1)
  A frost giant (Depths:2)
  Louise (Snake:3)
  Aizul (Snake:1)
  2 orc warlords
  5 stone giants
  A vampire knight (Depths:1)
  5 ettins
  Josephine (D:14)
  A great orb of eyes (Depths:1)
  Harold (D:10)
  A fire dragon (Depths:1)
  19 hydras
  A rakshasa (Depths:1)
  2 ice dragons
  15 naga warriors
  4 ghost crabs
  7 anacondas
  2 catoblepae
  3 deep troll shamans (Depths:1)
  A centaur warrior (D:14)
  An ogre mage (Depths:1)
  A vampire mage (Depths:1)
  10 alligators
  3 tengu warriors
  4 deep troll earth magi (Depths:1)
  14 two-headed ogres
  8 shock serpents
  6 orc high priests (Orc:2)
  Urug (D:14)
  13 naga sharpshooters
  Nergalle (D:10)
  A deep elf knight (D:15)
  2 salamander mystics (Snake:4)
  An iron troll (Depths:1)
  11 swamp dragons
  9 unseen horrors
  2 glowing orange brains (Depths:1)
  9 deep trolls
  7 naga ritualists
  A flayed ghost (Depths:2)
  2 spriggan druids
  A wizard (D:14)
  2 phantasmal warriors (Depths:1)
  A necromancer (D:14)
  A lindwurm (shapeshifter) (Depths:1)
  3 lindwurms (Swamp:4)
  4 shambling mangroves
  An orb spider (Lair:4)
  A wolf spider (D:15)
  11 ugly things
  9 mana vipers
  6 cyclopes
  13 deep elf magi
  2 manticores
  6 salamanders
  3 orc sorcerers
  42 black mambas
  7 guardian serpents
  15 naga magi
  11 elephants (Lair:5)
  Maurice (D:11)
  Psyche (D:8)
  A smoke demon (Depths:1)
  29 spiny frogs
  4 gargoyles
  A rime drake (Lair:5)
  4 centaur skeletons
  2 hellwings (Depths:1)
  6 komodo dragons
  4 yaktaurs (D:15)
  A tengu conjurer (D:15)
  7 polar bears
  6 red devils (Depths:1)
  A merfolk (D:8)
  5 tyrant leeches
  14 hornets
  6 trolls
  19 slime creatures
  7 hippogriffs
  2 dream sheep (Lair:6)
  14 blink frogs
  8 bog bodies
  A centaur simulacrum (D:14)
  4 shadows
  A vampire (D:14)
  20 spriggans
  A water elemental (D:13)
  6 wyverns
  5 wraiths
  68 yaks
  A hog (Lair:4)
  Grum (D:10)
  3 basilisks
  2 hungry ghosts
  13 swamp worms
  27 vampire mosquitoes
  13 wargs
  56 nagas
  A soldier ant (D:13)
  2 hell hounds (Depths:1)
  27 orc warriors
  12 water moccasins
  14 swamp drakes
  9 porcupines
  6 ice beasts
  Purgy (Sewer)
  2 sky beasts
  An eye of draining (D:14)
  10 black bears
  A necrophage (D:9)
  14 ogres
  8 boggarts
  A phantom (D:4)
  24 wolves
  11 centaurs
  20 crocodiles
  3 big kobolds
  27 bullfrogs
  3 gnoll sergeants
  A wyvern zombie (D:8)
  12 scorpions
  A killer bee (D:10)
  19 wights
  5 howler monkeys
  12 electric eels
  6 crimson imps
  3 centaur zombies
  2 bullfrog zombies
  A quasit (D:9)
  Crazy Yiuf (D:5)
  6 gnoll shamans
  4 human zombies (Ossuary)
  39 orc priests
  8 hounds
  12 jellies
  2 bullfrog skeletons
  13 orc wizards
  6 hell rats (Lair:4)
  9 worker ants
  3 big kobold zombies (Ossuary)
  A hound zombie (D:10)
  A hound skeleton (D:5)
  3 mummies (Ossuary)
  3 worker ant zombies
  17 gnolls (D:9)
  5 scorpion zombies (Ossuary)
  12 adders
  9 river rats
  4 shadow imps
  18 oozes
  2 adder skeletons
  3 worms
  5 dart slugs
  12 leopard geckos
  101 orcs
  9 giant cockroaches
  A gnoll zombie (Ossuary)
  8 goblins
  6 hobgoblins
  12 jackals
  12 kobolds
  4 quokkas
  3 ball pythons
  12 bats
  8 frilled lizards
  2 goblin zombies (Ossuary)
  3 hobgoblin zombies (Ossuary)
  A kobold zombie (Ossuary)
  An orc zombie (Ossuary)
  A quokka skeleton (D:5)
  7 rats
  A briar patch (Swamp:3)
1356 creatures vanquished.

Vanquished Creatures (others)
  4 naga sharpshooters
  A deep elf mage (D:14)
  A naga mage (Snake:4)
  A yaktaur (D:15)
  A tyrant leech (Swamp:2)
  A hornet (Swamp:2)
  A spriggan (Swamp:2)
  3 humans
  A floating eye (Depths:2)
  A centaur (D:13)
  A bullfrog (Lair:5)
  An adder (D:8)
  A kobold (D:14)
  3 briar patches (Swamp:3)
  2 bushes (D:8)
  A fire vortex (Depths:1)
  14 fungi
  11 plants
49 creatures vanquished.

Grand Total: 1405 creatures vanquished

Notes
Turn   | Place    | Note
-------+----------+-------------------------------------------
     0 | D:1      | greenice the Minotaur Fighter began the quest for the Orb.
     0 | D:1      | Reached XP level 1. HP: 19/19 MP: 0/0
   121 | D:1      | Reached XP level 2. HP: 27/27 MP: 1/1
   174 | D:1      | Reached skill level 4 in Fighting
   262 | D:1      | Reached XP level 3. HP: 33/33 MP: 2/2
   984 | D:2      | Found a bloodstained altar of Trog.
  1312 | D:2      | Reached XP level 4. HP: 28/40 MP: 3/3
  1620 | D:3      | Found a glowing drain.
  1674 | Sewer    | Entered a sewer
  1693 | Sewer    | Reached skill level 1 in Dodging
  1790 | Sewer    | Noticed Purgy
  1793 | Sewer    | Killed Purgy
  1793 | Sewer    | Reached skill level 5 in Shields
  1793 | Sewer    | Reached XP level 5. HP: 45/47 MP: 4/4
  2019 | D:3      | Found a basalt altar of Yredelemnul.
  2515 | D:4      | Noticed a phantom
  2529 | D:4      | Killed a phantom
  2529 | D:4      | Reached XP level 6. HP: 53/53 MP: 5/5
  2630 | D:4      | Reached skill level 5 in Long Blades
  3012 | D:4      | Reached skill level 5 in Armour
  3099 | D:5      | Entered Level 5 of the Dungeon
  3123 | D:5      | Noticed an ice beast
  3135 | D:5      | Killed an ice beast
  3135 | D:5      | Reached XP level 7. HP: 47/60 MP: 6/6
  3321 | D:5      | Found a runed door.
  3540 | D:5      | Noticed Crazy Yiuf
  3542 | D:5      | Paralysed by Crazy Yiuf for 6 turns
  3548 | D:5      | Killed Crazy Yiuf
  4387 | D:6      | Found a shadowy altar of Dithmenos.
  4388 | D:6      | Found a blossoming altar of Fedhas.
  4388 | D:6      | Found a glowing silver altar of Zin.
  4388 | D:6      | Found an ornate altar of the Wu Jian Council.
  4400 | D:6      | Found a snail-covered altar of Cheibriados.
  4400 | D:6      | Found a hazy altar of Hepliaklqana.
  4446 | D:6      | Reached XP level 8. HP: 67/67 MP: 7/7
  4466 | D:6      | Noticed a dagger
  4468 | D:6      | Noticed a dagger
  4761 | D:6      | Reached skill level 10 in Long Blades
  4822 | D:6      | Found a hide-covered altar of Uskayaw.
  4994 | D:7      | Found a staircase to the Ecumenical Temple.
  5044 | D:7      | Found a sand-covered staircase.
  5049 | Ossuary  | Entered an ossuary
  5631 | Ossuary  | Reached XP level 9. HP: 65/73 MP: 8/8
  5968 | Temple   | Entered the Ecumenical Temple
  6037 | Temple   | Became a worshipper of Warmaster Okawaru
  6131 | D:7      | Found a basalt altar of Yredelemnul.
  6508 | D:8      | Found a staircase to the Lair.
  6941 | D:8      | Reached * piety under Okawaru
  6950 | D:8      | Noticed a merfolk
  6961 | D:8      | Killed a merfolk
  7041 | D:8      | Reached ** piety under Okawaru
  7192 | D:8      | Reached XP level 10. HP: 76/80 MP: 9/9
  7210 | D:8      | Noticed a two-headed ogre
  7222 | D:8      | Reached skill level 15 in Long Blades
  7225 | D:8      | Killed a two-headed ogre
  7225 | D:8      | Reached *** piety under Okawaru
  7359 | Lair:1   | Entered Level 1 of the Lair of Beasts
  7625 | Lair:1   | Noticed a spiny frog
  7636 | Lair:1   | Killed a spiny frog
  7831 | Lair:1   | Noticed a spiny frog
  7837 | Lair:1   | Killed a spiny frog
  7946 | Lair:1   | Noticed a spiny frog
  7948 | Lair:1   | Noticed a spiny frog
  7956 | Lair:1   | Killed a spiny frog
  7975 | Lair:1   | Killed a spiny frog
  7975 | Lair:1   | Reached **** piety under Okawaru
  8311 | Lair:1   | Noticed a spiny frog
  8321 | Lair:1   | Killed a spiny frog
  8778 | Lair:1   | Noticed a spiny frog
  8786 | Lair:1   | Killed a spiny frog
  8786 | Lair:1   | Reached ***** piety under Okawaru
  9022 | Lair:1   | Reached XP level 11. HP: 75/85 MP: 10/10
  9026 | Lair:1   | Reached skill level 10 in Armour
  9849 | Lair:1   | Received a gift from Okawaru
 10007 | Lair:1   | Gained mutation: Your mind is acute. (Int +2) [potion of mutation]
 10007 | Lair:1   | Gained mutation: You are surrounded by a mild repulsion field. (EV +2) [potion of mutation]
 10007 | Lair:1   | Gained mutation: You are resistant to hostile enchantments. (MR+) [potion of mutation]
 10238 | D:8      | Noticed a two-headed ogre
 10246 | D:8      | Killed a two-headed ogre
 10269 | D:8      | Noticed a two-headed ogre
 10556 | D:8      | Killed a two-headed ogre
 10624 | D:8      | Noticed a two-headed ogre
 10714 | D:8      | Killed a two-headed ogre
 10911 | D:8      | Noticed a two-headed ogre
 10924 | D:8      | Killed a two-headed ogre
 11029 | D:8      | Noticed Psyche
 11039 | D:8      | Killed Psyche
 11063 | D:8      | Noticed a two-headed ogre
 11073 | D:8      | Killed a two-headed ogre
 11073 | D:8      | Reached XP level 12. HP: 76/93 MP: 11/11
 12232 | D:8      | Found a bloodstained altar of Trog.
 12710 | D:9      | Reached skill level 15 in Armour
 12769 | D:9      | Reached skill level 5 in Fighting
 12824 | D:9      | Reached skill level 6 in Fighting
 13022 | D:9      | Found a stormy altar of Qazlal.
 13276 | D:9      | Found Nautoi's Gadget Shoppe.
 13337 | D:9      | Reached skill level 7 in Fighting
 13553 | D:10     | Entered Level 10 of the Dungeon
 13608 | D:10     | Noticed Nergalle
 13624 | D:10     | Killed Nergalle
 13832 | D:10     | Noticed Grum
 13856 | D:9      | Reached skill level 8 in Fighting
 13871 | D:10     | Killed Grum
 13977 | D:10     | Identified Sif Muna's Incunabulum of Hexes and the Voyage
 14045 | D:10     | Received a gift from Okawaru
 14126 | D:10     | Noticed Harold
 14144 | D:10     | Killed Harold
 14144 | D:10     | Reached skill level 9 in Fighting
 14578 | D:10     | Found a staircase to the Orcish Mines.
 14639 | D:10     | Got a shimmering lapis lazuli ring
 14886 | D:10     | Identified the ring of Demons {rPois AC+2} (You found it on level 10 of the Dungeon)
 14909 | D:11     | Noticed Maurice
 14920 | D:11     | Killed Maurice
 14920 | D:11     | Reached skill level 10 in Fighting
 15603 | D:11     | You fall through a shaft!
 15679 | D:12     | Reached skill level 11 in Fighting
 15917 | D:12     | Reached skill level 12 in Fighting
 15989 | D:12     | Noticed Frances
 16001 | D:12     | Killed Frances
 16001 | D:12     | Reached XP level 13. HP: 48/119 MP: 10/12
 16668 | D:12     | Found an iron altar of Okawaru.
 16690 | D:12     | Reached ****** piety under Okawaru
 16690 | D:12     | Reached skill level 13 in Fighting
 16691 | D:12     | Received a gift from Okawaru
 17229 | Lair:2   | Found a white marble altar of Elyvilon.
 17450 | Lair:2   | Reached skill level 14 in Fighting
 17884 | Orc:1    | Entered Level 1 of the Orcish Mines
 17884 | Orc:1    | Noticed an orc warlord
 17899 | D:10     | Killed an orc warlord
 18247 | Orc:1    | Received a gift from Okawaru
 18494 | Orc:1    | Reached skill level 15 in Fighting
 18745 | Orc:2    | Entered Level 2 of the Orcish Mines
 18866 | Orc:2    | Found a staircase to the Elven Halls.
 20004 | Orc:2    | Reached skill level 16 in Fighting
 20417 | Orc:2    | Found a roughly hewn altar of Beogh.
 20427 | Orc:2    | Found Doqa's General Store.
 20427 | Orc:2    | Found Ukhlups's Magic Scroll Shoppe.
 20841 | Orc:2    | Found Vimel Koq's Assorted Antiques.
 20841 | Orc:2    | Found Ywohir's Book Shoppe.
 21119 | Orc:2    | Noticed an orc warlord
 21448 | Orc:2    | Killed an orc warlord
 21941 | Orc:2    | Bought a scroll of teleportation for 36 gold pieces
 21941 | Orc:2    | Bought a scroll of acquirement for 624 gold pieces
 22120 | Lair:2   | Reached skill level 17 in Fighting
 22222 | Lair:2   | Found a staircase to the Snake Pit.
 22337 | Lair:2   | Reached XP level 14. HP: 132/140 MP: 11/13
 22943 | Lair:3   | Received a gift from Okawaru
 22946 | Lair:3   | Got a jewelled plate armour {god gift}
 22958 | Lair:3   | Identified the +1 plate armour "Hesient" {rC+ MR+ Slay+3} (Okawaru gifted it to you on level 3 of the Lair of Beasts)
 23549 | Lair:4   | Noticed Kirke
 23563 | Lair:4   | Killed Kirke
 23563 | Lair:4   | Reached skill level 18 in Fighting
 23823 | Lair:4   | Noticed Rupert
 23845 | Lair:4   | Killed Rupert
 24357 | Lair:4   | Reached skill level 19 in Fighting
 24820 | Lair:4   | Found a staircase to the Swamp.
 25721 | Lair:5   | Received a gift from Okawaru
 26608 | Lair:5   | Found a viscous altar of Jiyva.
 26609 | Lair:5   | Found a staircase to the Slime Pits.
 26662 | Lair:6   | Entered Level 6 of the Lair of Beasts
 27062 | Lair:6   | Reached XP level 15. HP: 150/155 MP: 10/14
 27412 | Lair:6   | Reached skill level 10 in Shields
 28397 | Snake:1  | Entered Level 1 of the Snake Pit
 28495 | Snake:1  | Noticed Aizul
 28496 | Snake:1  | Found Fubun's Armour Boutique.
 28601 | Snake:1  | Killed Aizul
 29074 | Snake:1  | Received a gift from Okawaru
 30181 | Snake:2  | Noticed a nagaraja
 30205 | Snake:2  | Killed a nagaraja
 30215 | Snake:2  | Received a gift from Okawaru
 30885 | Snake:2  | Got a crystal falchion
 30886 | Snake:2  | Identified the +4 falchion of Gyezias {vamp, *Slow rN+ Int+6 Dex+3} (You found it on level 2 of the Snake Pit)
 31128 | Snake:3  | Noticed a nagaraja
 31132 | Snake:3  | Reached skill level 15 in Shields
 31150 | Snake:3  | Killed a nagaraja
 31691 | Snake:3  | Received a gift from Okawaru
 31691 | Snake:3  | Reached XP level 16. HP: 160/162 MP: 15/15
 32135 | Snake:3  | Reached skill level 20 in Fighting
 32860 | Snake:3  | Noticed Louise
 32887 | Snake:3  | Killed Louise
 33274 | Snake:4  | Entered Level 4 of the Snake Pit
 33534 | Snake:4  | Noticed tidbits's ghost (adept GnTm)
 33641 | Snake:4  | Killed tidbits's ghost
 33880 | Snake:4  | Reached skill level 21 in Fighting
 33957 | Snake:4  | Received a gift from Okawaru
 34503 | Snake:4  | Noticed 1player's ghost (adept DrAE)
 34545 | Snake:4  | Killed 1player's ghost
 35247 | Snake:4  | Reached skill level 22 in Fighting
 35516 | Snake:4  | Received a gift from Okawaru
 36218 | Snake:4  | Reached XP level 17. HP: 172/178 MP: 14/16
 36453 | Snake:4  | Reached skill level 23 in Fighting
 37355 | Snake:4  | Got a serpentine rune of Zot
 37559 | Swamp:1  | Entered Level 1 of the Swamp
 37678 | Swamp:1  | Noticed Donald
 37694 | Swamp:1  | Killed Donald
 37812 | Swamp:1  | Received a gift from Okawaru
 37813 | Swamp:1  | Found the +10 zealot's sword {holy, *Rage rN+ EV+3}
 38587 | Swamp:2  | Reached skill level 24 in Fighting
 39826 | Swamp:3  | Noticed Mara
 39828 | Swamp:3  | Noticed greenice's illusion
 39844 | Swamp:2  | Noticed greenice's illusion
 40279 | Swamp:2  | Noticed greenice's illusion
 41582 | Swamp:4  | Entered Level 4 of the Swamp
 41735 | Swamp:4  | Received a gift from Okawaru
 41873 | Swamp:4  | Reached skill level 25 in Fighting
 42205 | Swamp:4  | Reached XP level 18. HP: 168/194 MP: 17/17
 42410 | Swamp:4  | Received a gift from Okawaru
 42415 | Swamp:4  | Got a transparent scale mail {god gift}
 42416 | Swamp:4  | Identified the +0 scale mail "Gyppum" {+Blink} (Okawaru gifted it to you on level 4 of the Swamp)
 42826 | Swamp:4  | Got a decaying rune of Zot
 44619 | D:14     | Noticed Urug
 44627 | D:14     | Killed Urug
 45033 | D:14     | Reached skill level 26 in Fighting
 45118 | D:14     | Found a gate to the Vaults.
 45290 | D:14     | Noticed Roxanne
 45614 | D:15     | Entered Level 15 of the Dungeon
 45880 | D:15     | Noticed Josephine
 45933 | D:14     | Killed Josephine
 46592 | D:15     | Found a staircase to the Depths.
 47544 | Depths:1 | Entered Level 1 of the Depths
 47574 | Depths:1 | Received a gift from Okawaru
 47574 | Depths:1 | Reached skill level 27 in Fighting
 48567 | Depths:1 | Found a gateway to Hell.
 48587 | Depths:1 | Found Acestril's Food Shoppe.
 48683 | Depths:1 | Reached XP level 19. HP: 174/207 MP: 14/18
 48743 | Depths:1 | Found Mef Ippesh's Antique Armour Emporium.
 49479 | Depths:1 | HP: 10/207 [deep troll (7)]
 49947 | Depths:1 | Found Vonaum's Antique Weapon Boutique.
 49966 | Depths:1 | Found Guysump's Gadget Emporium.
 49967 | Depths:1 | Found Lanisef's Jewellery Boutique.
 49967 | Depths:1 | Found Legepali's Jewellery Boutique.
 50110 | Depths:1 | Found Sielip's Gadget Boutique.
 50380 | Depths:2 | Noticed Saint Roka
 50380 | Depths:2 | Noticed shakethe's ghost (adept MiFi)
 51342 | Depths:2 | Noticed Nikola
 51355 | Depths:2 | Paralysed by a floating eye for 3 turns
 51362 | Depths:2 | Noticed Jorgrun
 51363 | Depths:2 | Noticed a caustic shrike
 51363 | Depths:2 | HP: 7/207 [entropy weaver (glowing shapeshifter) (5)]
 51365 | Depths:2 | Killed from afar by Nikola

Skill      XL: |  1  2  3  4  5  6  7  8  9 10 11 12 13 14 15 16 17 18 19 |
---------------+----------------------------------------------------------+-----
Fighting       | 4 12 17 19 22 25 27 | 27.0
Armour         | 4 5 9 14 15 | 15.0
Shields        | 4 5 8 15 16 17 18 | 18.6
Long Blades    | 3 4 6 8 12 14 16 | 16.1
Dodging        | 1 2 |  2.1

Action                   |  1- 3 |  4- 6 |  7- 9 | 10-12 | 13-15 | 16-18 | 19-21 || total
-------------------------+-------+-------+-------+-------+-------+-------+-------++-------
Melee: Long sword        |    93 |   161 |   243 |       |       |       |       ||   497
       Headbutt          |    16 |    24 |    80 |   166 |   364 |   505 |    61 ||  1216
       Scimitar          |       |       |    63 |   655 |  1347 |  1698 |   173 ||  3936
       War axe           |       |       |       |       |       |    76 |       ||    76
Invok: Heroism           |       |       |       |     7 |     6 |     9 |     1 ||    23
Evoke: Wand              |       |       |     5 |     5 |    12 |       |       ||    22
  Use: Scroll            |       |     5 |     2 |    13 |    14 |    11 |     1 ||    46
       Potion            |       |     1 |     3 |     9 |     3 |     4 |     4 ||    24
 Stab: Invisible         |       |       |       |     5 |       |       |       ||     5
  Eat: Chunk             |     1 |     3 |     6 |    22 |    29 |    21 |     1 ||    83
       Ration            |       |     1 |     2 |     2 |     6 |    11 |     2 ||    24
Armor: Scale mail        |    49 |    72 |    93 |    33 |       |       |       ||   247
       Plate armour      |       |       |       |   183 |   515 |   597 |   181 ||  1476
Dodge: Dodged            |    28 |    57 |   100 |   180 |   505 |   445 |    94 ||  1409
Block: Shield            |    61 |   101 |   142 |   337 |   827 |   108 |       ||  1576
       Reflection        |       |       |       |       |    20 |   135 |     5 ||   160
       Large shield      |       |       |       |       |       |  1685 |   450 ||  2135
       Other             |       |       |       |       |       |     1 |       ||     1
       Rpst.: Long sword |     6 |    15 |    27 |       |       |       |       ||    48
       Scimitar          |       |       |     5 |    40 |   116 |    61 |    14 ||   236
